 Dungeon Crawl Stone Soup version 0.31-b1-22-gc680215f68 (webtiles) character file.

Game seed: 3071610289919046754

37 Arctor the Shooter (level 3, -5/20 HPs)
             Began as a Kobold Hexslinger on Jan 19, 2024.
             Slain by a +2 broad axe of freezing (7 damage)
             ... created by the rancor of the Wu Jian Council
             ... on level 1 of the Dungeon.
             The game lasted 00:00:55 (739 turns).

Arctor the Shooter (Kobold Hexslinger)               Turns: 739, Time: 00:00:55

Health: -5/20      AC: -1    Str:  5    XL:     3   Next: 60%
Magic:  5/5        EV: 15    Int: 14    God:
Gold:   4          SH:  0    Dex: 19    Spells: 5/5 levels left

rFire   . . .        a - +1 sling
rCold   . . .        (no shield)
rNeg    . . .        c - +0 robe
rPois   .            (no helmet)
rElec   .            e - +0 cloak
rCorr   .            (no gloves)
SInv    .            (no boots)
Will    .....        (no amulet)
Stlth   +++          (no ring)
HPRegen 0.23/turn    (no ring)
MPRegen 0.09/turn

%: no passive effects
@: corroded
A: small, no large weapons, nightstalker 3
a: no special abilities


You were on level 1 of the Dungeon.
You visited 1 branch of the dungeon, and saw 1 of its levels.

You collected 4 gold pieces.

Inventory:

Hand Weapons
 a - a +1 sling (weapon)
Armour
 c - a +0 robe (worn)
 e - a +0 cloak (worn)
Scrolls
 b - a scroll of poison
 d - a scroll of silence {unknown}


   Skills:
 + Level 1.6 Fighting
 + Level 3.2 Ranged Weapons
 + Level 2.9 Dodging
 + Level 1.7 Spellcasting
 + Level 3.2 Hexes
 + Level 1.4 Fire Magic


You had 5 spell levels left.
You didn't know any spells.
Your spell library contained the following spells:

 Spells                   Type           Power      Damage    Failure   Level
 Jinxbite                 Hex            20%        N/A       10%         2
 Sigil of Binding         Hex            10%        N/A       21%         3
 Summon Small Mammal      Summ           4%         N/A       24%         1
 Inner Flame              Hex/Fire       7%         N/A       28%         3
 Cause Fear               Hex            5%         N/A       54%         4
 Call Canine Familiar     Summ           1%         N/A       58%         3
 Dimensional Bullseye     Hex/Tloc       2%         N/A       77%         4
 Summon Blazeheart Golem  Fire/Summ      3%         N/A       88%         4


Dungeon Overview and Level Annotations

Branches:
Dungeon (1/15)

Altars:
Wu Jian


Innate Abilities, Weirdness & Mutations

You are small and have problems with some larger weapons.
You are completely attuned to the shadows.


Message History

A rat is nearby!
You shoot a sling bullet.
The sling bullet closely misses the rat.
The rat barely misses you.
A rat is nearby!
You shoot a sling bullet. The sling bullet hits the rat.
The rat is heavily wounded.
The rat bites you but does no damage.
A rat is nearby!
You shoot a sling bullet. The sling bullet barely misses the rat.
The rat barely misses you. The rat closely misses you.
A rat is nearby!
You shoot a sling bullet. The sling bullet hits the rat!
You kill the rat!
No target in view!
Sifu Hu Sanniang says: Suffer, mortal!
The rancor of the Wu Jian Council corrodes you!
A +2 broad axe of electrocution, a +2 broad axe of freezing, a +3 glaive of flaming and a +1 glaive of speed come into view.
You shoot a sling bullet.
The sling bullet hits the +3 glaive of flaming but does no damage.
There are monsters nearby!
You shoot a sling bullet.
The sling bullet hits the +3 glaive of flaming.
You destroy the +3 glaive of flaming!
That felt strangely unrewarding.
There are monsters nearby!
You shoot a sling bullet.
The sling bullet hits the +2 broad axe of freezing.
The +2 broad axe of freezing is moderately damaged.
The +1 glaive of speed hits you from afar!!
Ouch! That really hurt!
* * * LOW HITPOINT WARNING * * *
There are monsters nearby!
Unknown command.
You shoot a sling bullet.
The sling bullet hits the +2 broad axe of freezing.
The +2 broad axe of freezing is almost destroyed.
The +2 broad axe of electrocution completely misses you.
The +2 broad axe of freezing hits you!
You die...

##†....## #.......#.##.##.
#.......# #.......#.##....
##.....####.......#.......
##.......#.......#.##.##.
##...##.#.......#.##.##.
#.#.##.#.......#.##....
#.#..(......####.####..
#.#.##.###### #.####..
##.#.##@#########.......
#.....(.(.........####.#
#.....)..########.####.#
##########..#.#...#
#.##....
))#.........#.....#####
#...†...
#.#.#####...#.........#
####.##.
....#####...###..####.##
#.##. .........>.......#
#...# #.##.
.....#.##.######## #...#
#....


You could see 3 dancing weapons.

Vanquished Creatures
  A dancing weapon (D:1)
  A dart slug (D:1)
  A ball python (D:1)
  A bat (D:1)
  5 endoplasms (D:1)
  3 goblins (D:1)
  2 hobgoblins (D:1)
  4 jackals (D:1)
  3 quokkas (D:1)
  3 frilled lizards (D:1)
  5 kobolds (D:1)
  2 rats (D:1)
31 creatures vanquished.

Notes
Turn   | Place    | Note
-------+----------+-------------------------------------------
     0 | D:1      | Arctor the Kobold Hexslinger began the quest for the Orb.
     0 | D:1      | Reached XP level 1. HP: 12/12 MP: 2/2
     7 | D:1      | Noticed a black mamba
     7 | D:1      | Noticed a hound
     7 | D:1      | Noticed a killer bee
   156 | D:1      | Reached XP level 2. HP: 16/16 MP: 3/3
   223 | D:1      | Found a faded altar of an unknown god.
   248 | D:1      | Prayed at the altar of an unknown god.
   248 | D:1      | Became a worshipper of the Wu Jian Council
   248 | D:1      | Reached * piety under Wu Jian
   322 | D:1      | Reached XP level 3. HP: 17/20 MP: 5/5
   322 | D:1      | Fell from the grace of Wu Jian
   736 | D:1      | Noticed a +2 broad axe of electrocution
   736 | D:1      | Noticed a +2 broad axe of freezing
   736 | D:1      | Noticed a +3 glaive of flaming
   736 | D:1      | Noticed a +1 glaive of speed
   737 | D:1      | Killed a +3 glaive of flaming
   739 | D:1      | Slain by a +2 broad axe of freezing

Illustrated notes

Levels and vault maps discovered:
D:1:      onia_arrival_zoo_common, layout_loops_cross,
          ebering_ecumenical_altar_ruins

Skill      XL: |  1  2 |
---------------+-------+-----
Ranged Weapons | 3 |  3.2
Fighting       | |  1.6
Dodging        | |  2.9
Spellcasting   | |  1.7
Hexes          | |  3.2
Fire Magic     | |  1.4

Action                     || total
---------------------------++-------
   Fire: Sling             ||    92
 Invoke: Renounce Religion ||     1
 Armour: Robe              ||    37
  Dodge: Dodged            ||    52
